 Dungeon Crawl Stone Soup version bcrawl-1.13 (webtiles) character file.

Game seed: 83856088242996147

18 Camlann the Sneak (level 2, -2/23 HPs)
             Began as a Demonspawn Archaeologist on July 27, 2019.
             Slain by a howler monkey (7 damage)
             ... on level 2 of the Dungeon.
             The game lasted 00:00:58 (791 turns).

Camlann the Sneak (Demonspawn Archaeologist)         Turns: 791, Time: 00:00:58

Health: -2/23      AC:  8    Str: 11    XL:     2   Next: 48%
Magic:  2/2        EV: 12    Int: 15    God:
Gold:   71         SH:  0    Dex: 11    Spells: 1/1 levels left

rFire    . . .     SeeInvis .   a - +0 whip
rCold    . . .     Gourm    .   (no shield)
rNeg     . . .     Faith    .   b - +1 robe
rPois    .         Spirit   .   c - +1 hat
rElec    .         Reflect  .   (no cloak)
rCorr    .         Harm     .   (no gloves)
MR       .....                  d - +1 pair of boots
Stlth    ++........             (no amulet)
HPRegen  0.07/turn              (no ring)
MPRegen  0.08/turn              (no ring)

@: no status effects
A: slimy green scales 1
a: no special abilities


You were on level 2 of the Dungeon.
You were not hungry.

You visited 1 branch of the dungeon, and saw 2 of its levels.

You collected 71 gold pieces.

Inventory:

Hand Weapons
 a - a +0 whip (weapon)
Missiles
 n - 191 poisoned needles
Armour
 b - a +1 robe (worn)
 c - a +1 hat (worn)
 d - a +1 pair of boots (worn)
Jewellery
 h - an uncursed ring of ice
Scrolls
 j - a scroll of teleportation {unknown}
 k - a scroll of fog {unknown}
 l - a scroll of enchant weapon {unknown}
Potions
 i - a potion of invisibility {unknown}
 m - a potion of heal wounds {unknown}
Miscellaneous
 e - a dusty tome
 f - an ancient crate
Comestibles
 g - 4 rations {!d}


   Skills:
 + Level 2.5 Fighting
 - Level 0.8 Maces & Flails
 - Level 2.6 Dodging
 - Level 3.0 Stealth


You had one spell level left.
You didn't know any spells.
Your spell library was empty.

Dungeon Overview and Level Annotations

Branches:
Dungeon (2/12)

Altars:
Okawaru


Innate Abilities, Weirdness & Mutations

You are partially covered in slimy green scales. (AC +2)


Message History

You closely miss the howler monkey. The howler monkey barely misses you.
You hit the howler monkey.
The howler monkey hoots and howls with incredible vigour!
The howler monkey hits you but does no damage.
You hit the howler monkey but do no damage.
The howler monkey barely misses you.
You hit the howler monkey but do no damage.
The howler monkey hits you.
You barely miss the howler monkey. The howler monkey barely misses you.
The howler monkey hits you.
You hit the howler monkey. The howler monkey hits you!
* * * LOW HITPOINT WARNING * * *
You barely miss the howler monkey. The howler monkey hits you.
* * * LOW HITPOINT WARNING * * *
You closely miss the howler monkey. The howler monkey barely misses you.
You hit the howler monkey.
The howler monkey completely misses you.
The howler monkey hits you but does no damage.
You hit the howler monkey. The howler monkey hits you!
You die...

............#.#
.(............#
.........K..### ...
..####.....# .... #
###K....# ....#####
#J'.....# .......#
#r#.....# #.....#
#h#.....#
#.....##+##@#.....#
#.........#.#.....######
#....<....#('......(...#
#...........#..........#
#####......##.#........#
#.........#........#
#.....#####........#
#.....# #(.......#
#.....# #.>......#


You could see a howler monkey, an ooze and a quokka.

Vanquished Creatures
  A dart slug (D:2)
  A leopard gecko (D:1)
  A giant cockroach (D:1)
  3 goblins
  A hobgoblin (D:1)
  3 bats (D:1)
  A frilled lizard (D:1)
  5 rats (D:1)
16 creatures vanquished.

Notes
Turn   | Place    | Note
-------+----------+-------------------------------------------
     0 | D:1      | Camlann the Demonspawn Archaeologist began the quest for
                  | the Orb.
     0 | D:1      | Reached XP level 1. HP: 15/15 MP: 1/1
   279 | D:1      | Gained mutation: You are partially covered in slimy green
                  | scales. (AC +2) [demonic ancestry]
   279 | D:1      | Reached XP level 2. HP: 22/22 MP: 2/2
   755 | D:2      | Found an iron altar of Okawaru.
   757 | D:2      | Noticed a howler monkey
   791 | D:2      | Slain by a howler monkey

Skill      XL: |  1 |
---------------+----+-----
Fighting       | 2 |  2.5
Maces & Flails | |  0.8
Dodging        | |  2.6
Stealth        | |  3.0

Action                   || total
-------------------------++-------
Melee: Whip              ||    65
 Stab: Sleeping          ||     5
Armor: Robe              ||    22
Dodge: Dodged            ||    52
